AoeStats
← Gobbor

Black Forest

510565367Analyzed
4v4 RM · 1d ago on Oct 1, 2026· 69m 33s· 8 players
Game mode
Random Map
Map size
Large (8 player)
Population
200
Speed
Normal
Resources
Standard
Victory
Conquest
Starting age
Dark Age
Ending age
Imperial Age
RankedLock teamsTeams togetherTeam positionsShared explorationLock speedFull tech treeHidden civsTurbo modeCheats
Victory
Defeat
🇮🇹 Bohemians · Italy
720
+12
🇩🇰 Inca · Denmark
690
+13
🇮🇳 Celts · India
565
+17
🇮🇳 Turks · India
565
+18
🇪🇸 Japanese · Spain
672
-17
🇨🇱 Persians · Chile
619
-15
🇵🇪 Franks · Peru
614
-15
🇫🇮 Spanish · Finland
562
-13
Fantasmet^^!
0:44 Loom
14:29 Feudal Age
15:58 Wheelbarrow
15:09 Town Watch
15:13 Double-Bit Axe
15:11 Horse Collar
20:08 Stone Mining
20:09 Gold Mining
25:08 Castle Age
30:17 Imperial Age
29:22 Scale Mail Armor
29:14 Treadmill Crane
30:34 Forging
30:17 Fletching
30:28 Padded Archer Armor
31:33 Town Patrol
31:51 Hand Cart
33:49 Chemistry
33:10 Chain Mail Armor
33:32 Conscription
33:27 Crossbowman
35:37 Kataparuto
37:00 Thumb Ring
36:16 Arbalester
36:24 Elite Skirmisher
37:18 Bloodlines
37:09 Husbandry
37:19 Scale Barding Armor
38:45 Caravan
39:00 Cavalier
39:59 Town Patrol
42:24 Bodkin Arrow
Resupaha
12:19 Feudal Age
13:40 Wheelbarrow
14:10 Gold Mining
16:47 Double-Bit Axe
25:07 Castle Age
23:29 Stone Mining
24:02 Horse Collar
26:08 Hand Cart
26:44 Heavy Plow
28:21 Bow Saw
30:59 Stone Shaft Mining
36:47 Imperial Age
38:45 Chemistry
39:57 Scale Barding Armor
41:33 Two-Man Saw
41:45 Caravan
43:48 Ballistics
56:51 Chain Barding Armor
kaifanestro
8:49 Loom
11:26 Feudal Age
13:39 Wheelbarrow
13:29 Double-Bit Axe
18:24 Gold Mining
22:13 Castle Age
21:32 Stone Mining
27:14 Bow Saw
29:36 Hand Cart
34:44 Imperial Age
33:23 Fletching
33:46 Forging
34:49 Gold Shaft Mining
37:17 Bodkin Arrow
39:46 Coinage
39:17 Caravan
39:29 Scale Barding Armor
40:00 Iron Casting
40:48 Chain Barding Armor
42:49 Blast Furnace
43:50 Plate Barding Armor
44:24 Chivalry
44:44 Conscription
44:29 Chivalry
45:22 Banking
44:32 Cavalier
45:13 Husbandry
45:35 Paladin
156__JP.Cont
0:31 Loom
13:52 Feudal Age
15:24 Horse Collar
19:44 Castle Age
19:09 Double-Bit Axe
19:08 Horse Collar
20:40 Bow Saw
21:07 Gold Mining
21:07 Stone Mining
22:09 Heavy Plow
23:35 Wheelbarrow
25:36 Gold Shaft Mining
25:37 Stone Shaft Mining
28:10 Hand Cart
31:07 Imperial Age
33:32 Chemistry
32:25 Cavalier
33:28 Kamandaran
33:42 Husbandry
34:26 Bloodlines
36:17 Savar
38:12 Citadels
41:14 Elite War Elephant
61:28 Two-Man Saw
LOLLYCT 85
10:53 Feudal Age
16:31 Castle Age
24:16 Horse Collar
24:29 Double-Bit Axe
25:34 Bow Saw
26:11 Heavy Plow
27:05 Wheelbarrow
30:24 Wheelbarrow
31:30 Hand Cart
34:42 Imperial Age
35:44 Conscription
35:36 Wagenburg Tactics
35:00 Elite Hussite Wagon
36:47 Two-Man Saw
36:53 Chemistry
39:19 Houfnice
58:44 Heavy Scorpion
Gobbor
0:43 Loom
11:27 Feudal Age
12:44 Double-Bit Axe
15:32 Horse Collar
19:43 Castle Age
18:19 Horse Collar
22:09 Wheelbarrow
21:56 Gold Mining
25:34 Bow Saw
28:33 Stone Mining
28:50 Heavy Plow
29:59 Fletching
30:09 Padded Archer Armor
31:16 Hand Cart
31:56 Andean Sling
34:03 Thumb Ring
34:03 Padded Archer Armor
33:53 Fletching
35:30 Leather Archer Armor
35:10 Bodkin Arrow
35:12 Elite Skirmisher
38:38 Imperial Age
37:49 Squires
37:35 Arson
37:14 Pikeman
39:20 Fabric Shields
39:41 Conscription
39:35 Bracer
41:29 Ring Archer Armor
42:26 Crop Rotation
53:53 Halberdier
57:35 Forging
57:25 Scale Mail Armor
59:18 Chain Mail Armor
59:38 Iron Casting
ankitsahoo7815
4:41 Loom
11:16 Feudal Age
11:42 Double-Bit Axe
11:38 Horse Collar
13:19 Wheelbarrow
20:22 Castle Age
18:50 Stone Mining
18:53 Gold Mining
21:15 Bow Saw
25:20 Hand Cart
29:34 Caravan
33:41 Imperial Age
32:10 Forging
32:01 Scale Mail Armor
32:06 Scale Barding Armor
31:52 Fletching
32:03 Padded Archer Armor
33:57 Stronghold
34:49 Furor Celtica
36:00 Elite Woad Raider
36:49 Town Watch
38:01 Murder Holes
38:14 Siege Engineers
40:19 Ballistics
41:00 Chemistry
39:48 Heavy Scorpion
41:00 Capped Ram
42:36 Iron Casting
41:56 Bodkin Arrow
42:17 Leather Archer Armor
42:17 Chain Mail Armor
42:23 Chain Barding Armor
42:10 Cavalier
42:54 Husbandry
44:09 Siege Ram
49:02 Blast Furnace
48:32 Plate Mail Armor
48:34 Ring Archer Armor
53:59 Paladin
60:10 Pikeman
63:07 Gambesons
65:58 Halberdier
FullestOx956066
13:41 Feudal Age
15:48 Loom
18:35 Double-Bit Axe
22:49 Castle Age
21:31 Forging
39:32 Imperial Age
38:37 Bow Saw
38:33 Squires
38:24 Arson
38:49 Caravan
40:45 Elite Janissary
42:40 Horse Collar
43:17 Fortified Wall
45:46 Forging
45:39 Scale Mail Armor
45:45 Padded Archer Armor
45:43 Gold Mining
47:06 Two-Man Saw
52:53 Leather Archer Armor
Connection lost

Rejoining the realm…

Still unreachable

The connection could not be restored.

Session expired

The server has moved on; the page needs a fresh start.